 Dungeon Crawl Stone Soup version 0.28-a0-1206-g193881aaa2 (webtiles) character file.

Game seed: 14041110401309911511

154 ragingrage the Ogre Mage (level 5, -2/45 HPs)
             Began as an Ogre Fire Elementalist on Dec 21, 2021.
             Slain by a gnoll (4 damage)
             ... on level 4 of the Dungeon.
             The game lasted 00:03:29 (4027 turns).

ragingrage the Ogre Mage (Ogre Fire Elementalist)   Turns: 4027, Time: 00:03:30

Health: -2/45      AC:  3    Str: 12    XL:     5   Next: 36%
Magic:  4/10       EV:  9    Int: 18    God:
Gold:   132        SH:  0    Dex:  9    Spells: 10/11 levels left

rFire   . . .      SeeInvis .   o - +2 dagger (venom)
rCold   . . .      Faith    .   (no shield)
rNeg    . . .      Spirit   .   a - +0 robe
rPois   .          Reflect  .   (helmet restricted)
rElec   .          Harm     .   (no cloak)
rCorr   .          Rampage  .   (gloves unavailable)
Will    .....                   (boots unavailable)
Stlth   +.........              (no amulet)
HPRegen 0.15/turn               (no ring)
MPRegen 0.12/turn               (no ring)

@: no status effects
A: large, unfitting armour, tough skin 1
a: no special abilities


You were on level 4 of the Dungeon.
You visited 1 branch of the dungeon, and saw 4 of its levels.

You collected 132 gold pieces.

Inventory:

Hand Weapons
 o - a +2 dagger of venom (weapon)
Armour
 a - a +0 robe (worn)
Jewellery
 l - a ring of flight
 m - a ring of ice
Scrolls
 b - 3 scrolls of teleportation {unknown}
 c - 2 scrolls of identify {unknown}
 d - 4 scrolls of summoning {unknown}
 e - a scroll of amnesia {unknown}
 f - a scroll of magic mapping {unknown}
 i - a scroll of noise {unknown}
 j - a scroll of enchant weapon {unknown}
 n - a scroll of blinking {unknown}
Potions
 g - 2 potions of curing {unknown}
 h - a potion of heal wounds {unknown}


   Skills:
 - Level 1.9 Dodging
 - Level 1.5 Stealth
 + Level 3.9 Spellcasting
 + Level 2.5 Conjurations
 + Level 3.7 Fire Magic


You had 10 spell levels left.
You knew the following spells:

 Your Spells              Type           Power      Damage    Failure   Level
a - Foxfire               Conj/Fire      56%        2x1d6     4%          1

Your spell library contained the following spells:

 Spells                   Type           Power      Damage    Failure   Level
 Scorch                   Fire           34%        2d6       4%          2
 Conjure Flame            Conj/Fire      14%        6-21      12%         3
 Summon Small Mammal      Summ           12%        N/A       16%         1
 Inner Flame              Hex/Fire       10%        N/A       21%         3
 Flame Wave               Conj/Fire      14%        2d5       38%         4
 Call Canine Familiar     Summ           3%         N/A       41%         3
 Summon Guardian Golem    Hex/Summ       3%         N/A       41%         3
 Orb of Destruction       Conj           6%         9d3       100%        7
 Spellforged Servitor     Conj/Summ      4%         N/A       100%        7


Dungeon Overview and Level Annotations

Branches:
Dungeon (4/15)
 Temple: D:4-7

Altars:


Innate Abilities, Weirdness & Mutations

You are too large for most types of armour.
You have tough skin. (AC +1)


Message History

The gnoll is lightly wounded.
You hear a shout!
Your foxfire dissipates!
You hear a shout!
Your foxfire dissipates!
A gnoll comes into view. It is wielding a +0 whip.
A gnoll comes into view. It is wielding a +0 spear.
Casting: Foxfire (safe; 4% risk of failure)
Confirm with . or Enter, or press ? or * to list all spells.
You conjure some foxfire!
The gnoll shouts!
The foxfire hits the gnoll but does no damage.
The gnoll is lightly wounded.
A gnoll comes into view. It is wielding a +0 halberd.
Your foxfire dissipates!
The foxfire hits the gnoll.
The gnoll is moderately wounded.
Casting: Foxfire (safe; 4% risk of failure)
Confirm with . or Enter, or press ? or * to list all spells.
You conjure some foxfire!
The gnoll hits you from afar with a +0 halberd!
Your foxfire dissipates!
Found 25 stones.
The foxfire hits the gnoll.
The gnoll is moderately wounded.
The gnoll hits you from afar with a +0 halberd!
Casting: Foxfire (safe; 4% risk of failure)
Confirm with . or Enter, or press ? or * to list all spells.
You conjure some foxfire!
The gnoll barely misses you.
You hit the gnoll.
The gnoll is poisoned.
The gnoll is lightly wounded.
The foxfire hits the gnoll.
The gnoll is heavily wounded.
The foxfire hits the gnoll.
The gnoll is heavily wounded.
The gnoll hits you from afar with a +0 halberd!
* * * LOW HITPOINT WARNING * * *
The gnoll hits you from afar with a +0 halberd!
* * * LOW HITPOINT WARNING * * *
The gnoll hits you with a +0 whip.
You die...

...# ....#..
#..####...... . #
#.:........##.. #.
###............(
...#
........:.$#....
.....
##.............
......##...........#
.......<.....g@#
h.....##.#..#....#
..... .......>gg##
......#####....g..
..... #.......g.
..?. #...#.##... . .
..#...# #.. #####..#
##


You could see 4 gnolls.

Vanquished Creatures
  7 gnolls (D:3)
  4 adders
  2 dart slugs
  An orc (D:3)
  3 endoplasms (D:1)
  2 giant cockroaches
  4 hobgoblins
  4 jackals (D:2)
  3 quokkas
  4 ball pythons
  4 bats
  4 frilled lizards
  5 goblins
  A kobold (D:3)
  4 rats
52 creatures vanquished.

Vanquished Creatures (others)
  200 foxfires
200 creatures vanquished.

Grand Total: 252 creatures vanquished

Notes
Turn   | Place    | Note
-------+----------+-------------------------------------------
     0 | D:1      | ragingrage the Ogre Fire Elementalist began the quest for
                  | the Orb.
     0 | D:1      | Reached XP level 1. HP: 16/16 MP: 3/3
   208 | D:1      | Reached skill level 1 in Conjurations
   311 | D:1      | Reached XP level 2. HP: 24/24 MP: 0/5
   560 | D:1      | Found a faded altar of an unknown god.
  1425 | D:2      | Reached XP level 3. HP: 22/31 MP: 1/7
  1583 | D:2      | HP: 1/31 [bat (1)]
  2807 | D:3      | Reached XP level 4. HP: 39/39 MP: 4/8
  3255 | D:3      | Reached XP level 5. HP: 45/45 MP: 3/10
  4027 | D:4      | HP: 2/45 [gnoll (8)]
  4027 | D:4      | Slain by a gnoll

Illustrated notes

Levels and vault maps discovered:
D:1:      dpeg_arrival_pits, layout_basic, hellmonk_ecumenical_altar_lost_god
D:2:      layout_basic
D:3:      layout_loops_corners
D:4:      layout_rooms

Skill      XL: |  1  2  3  4 |
---------------+-------------+-----
Conjurations   | 1 2 |  2.5
Fire Magic     | 3 |  3.7
Spellcasting   | 3 |  3.9
Dodging        | |  1.9
Stealth        | |  1.5

Action                   |  1- 3 |  4- 6 || total
-------------------------+-------+-------++-------
Melee: Unarmed           |    11 |       ||    11
       Mace              |    33 |       ||    33
       Dagger            |       |    12 ||    12
 Cast: Foxfire           |    78 |    58 ||   136
Armor: Robe              |    19 |     5 ||    24
Dodge: Dodged            |    50 |     5 ||    55

Table legend: (Time is in decaauts)
 A = Elapsed time spent in this place.
 B = Non-inter-level travel time spent in this place.
 C = Inter-level travel time spent in this place.
 D = Time resting spent in this place.
 E = Time spent auto-exploring this place.
 F = Levels seen in this place.
 G = Mean time per level.
                   A        B        C        D        E       F      G
               +--------+--------+--------+--------+--------+-----+--------+
         Total |   4038 |   3945 |     93 |    841 |   2561 |   4 | 1009.5 |
       Dungeon |   4038 |   3945 |     93 |    841 |   2561 |   4 | 1009.5 |
               +--------+--------+--------+--------+--------+-----+--------+

Top non-repeatable levels by time:
     D:2: 1543 daAuts
     D:3: 1327 daAuts
     D:1: 1153 daAuts
     D:4: 14 daAuts
